 Dungeon Crawl Stone Soup version 0.28.0-53-g5a82cb258f (webtiles) character file.

Game seed: 14535092704397149355

971 CrazyBamboolord the Chopper (level 7, -4/66 HPs)
             Began as a Deep Dwarf Fighter on July 24, 2022.
             Was an Initiate of Makhleb.
             Killed from afar by a steam dragon (16 damage)
             ... with a ball of steam
             ... on level 6 of the Dungeon on Aug 17, 2022.
             The game lasted 00:11:52 (3547 turns).

CrazyBamboolord the Chopper (Deep Dwarf Fighter)    Turns: 3547, Time: 00:11:53

Health: -4/66      AC:  9    Str: 23    XL:     7   Next: 94%
Magic:  6/6        EV: 11    Int:  9    God:    Makhleb [......]
Gold:   195        SH:  5    Dex: 12    Spells: 6/6 levels left

rFire   . . .      SeeInvis .   a - +0 war axe
rCold   . . .      Faith    .   c - +0 buckler
rNeg    . . .      Spirit   .   o - +3 ring mail of Webluow {Str+2}
rPois   .          Reflect  .   (no helmet)
rElec   .          Harm     .   (no cloak)
rCorr   .          Rampage  .   (no gloves)
Will    +....                   (no boots)
Stlth   +.........              (no amulet)
HPRegen 0.00/turn               (no ring)
MPRegen 0.10/turn               (no ring)

@: no status effects
A: damage resistance, heal wounds, sense surroundings 1, no regeneration
a: Heal Wounds, Renounce Religion


You were on level 6 of the Dungeon.
You worshipped Makhleb.
Makhleb was noncommittal.
You visited 2 branches of the dungeon, and saw 7 of its levels.

You collected 195 gold pieces.

Inventory:

Hand Weapons
 a - a +0 war axe (weapon)
Armour
 c - a +0 buckler (worn)
 o - the +3 ring mail of Webluow (worn) {Str+2}
   (You found it on level 4 of the Dungeon)

   Str:       It affects your strength (+2).
Jewellery
 g - a ring of fire
 s - a +4 ring of evasion
Wands
 r - a wand of flame (21)
Scrolls
 b - a scroll of teleportation {unknown}
 e - a scroll of magic mapping
 j - a scroll of fog {unknown}
 m - 2 scrolls of immolation {unknown}
 p - 3 scrolls of identify {unknown}
 q - 3 scrolls of holy word {unknown}
 t - a scroll of noise {unknown}
 u - a scroll of enchant armour {unknown}
Potions
 d - a potion of might
 f - a potion of ambrosia {unknown}
 h - 2 potions of curing {unknown}
 i - 2 potions of magic {unknown}
 k - a potion of degeneration {unknown}
 l - 2 potions of flight {unknown}
 n - a potion of berserk rage {unknown}
 v - a potion of lignification {unknown}


   Skills:
 * Level 4.4 Fighting
 * Level 7.0 Axes
 * Level 5.4 Armour
 + Level 1.9 Dodging
 + Level 0.4 Stealth
 * Level 4.7 Shields


You had 6 spell levels left.
You didn't know any spells.
Your spell library contained the following spells:

 Spells                   Type           Power      Damage    Failure   Level
 Magic Dart               Conj           0%         1d3       63%         1
 Call Imp                 Summ           0%         N/A       77%         2
 Mephitic Cloud           Conj/Pois/Air  0%         N/A       94%         3
 Freezing Cloud           Conj/Ice/Air   0%         6-21      100%        5
 Simulacrum               Ice/Necr       0%         N/A       100%        6
 Polar Vortex             Ice            0%         N/A       100%        9


Dungeon Overview and Level Annotations

Branches:
Dungeon (6/15)             Temple (1/1) D:4

Altars:
Ashenzari
Dithmenos
Fedhas
Gozag
Hepliaklqana
Kikubaaqudgha
Makhleb
Nemelex Xobeh
Okawaru
Qazlal
Uskayaw
Vehumet
Wu Jian
Xom
Yredelemnul
Zin
The Shining One

Annotations:
D:5 3 runed translucent doors, Descartes's ghost, novice TrCK; Revguard's ghost, novice DsGl


Innate Abilities, Weirdness & Mutations

You are resistant to damage.
You can heal yourself by infusing magical energy.
You passively map a small area around you.
You do not regenerate.


Message History

You slash the gnoll!
The gnoll is severely wounded.
The gnoll hits you but does no damage.
You slash the gnoll!
You kill the gnoll!
Makhleb accepts your kill.
You closely miss the gnoll. The gnoll misses you. The gnoll barely misses you.
You slash the gnoll!
The gnoll is severely wounded.
The gnoll hits you but does no damage.
You barely miss the gnoll.
The gnoll is severely wounded.
You block the gnoll's attack.
You slash the gnoll!
You kill the gnoll!
Makhleb accepts your kill.
Your Axes skill increases to level 7!
Items here: ))) †.
v - a fizzy purple potion
Found an escape hatch in the floor.
You now have 195 gold pieces (gained 13).
There is an escape hatch in the floor here.
An iguana comes into view.
The iguana hisses angrily.
An iguana is nearby!
You closely miss the iguana.
The iguana bites you but does no damage.
You slash the iguana!
The iguana is severely wounded.
The iguana bites you.
* * * LOW HITPOINT WARNING * * *
You block the iguana's attack.
You slash the iguana!
You kill the iguana!
Makhleb accepts your kill.
A steam dragon comes into view.
The steam dragon hisses angrily.
The steam dragon breathes steam at you. The ball of steam hits you!!
You die...

######## #.# , ,
#......# #.# , #.####.#
#.# * * ###.####.# #.#
* #>....##.# #.#
####.###.##.# #.# * *
#....# #....# #.# * ,
#.##.###.#..###.## * *
#.*#.....#..##.@§####.*
,
#.*###...........§§..D#
#. ####..###†..######
#.* #..# ##.## * , , #.
#..# #...,,,
#.#######..# ##### ,
#..<)).....# , * *
#########.## #.# * ,


There were no monsters in sight!

Vanquished Creatures
  Grinder (D:5)
  Eustachio (D:5)
  A black bear (D:4)
  A phantom (D:5)
  A gnoll sergeant (D:5)
  2 scorpions
  A jelly (D:5)
  2 iguanas
  A hound zombie (D:5)
  A hound skeleton (D:4)
  5 adders
  8 gnolls
  2 adder skeletons (D:4)
  A worm (D:2)
  4 dart slugs
  10 ball pythons
  6 endoplasms
  2 giant cockroaches (D:2)
  7 goblins
  7 hobgoblins
  8 quokkas
  3 bats
  3 kobolds
  6 rats
84 creatures vanquished.

Notes
Turn   | Place    | Note
-------+----------+-------------------------------------------
     0 | D:1      | CrazyBamboolord the Deep Dwarf Fighter began the quest for
                  | the Orb.
     0 | D:1      | Reached XP level 1. HP: 20/20 MP: 1/1
   135 | D:1      | Reached XP level 2. HP: 22/27 MP: 2/2
   436 | D:1      | Reached XP level 3. HP: 19/34 MP: 3/3
   701 | D:2      | Reached skill level 3 in Axes
  1010 | D:2      | Reached XP level 4. HP: 16/42 MP: 4/4
  1467 | D:3      | Found a faded altar of an unknown god.
  1597 | D:3      | Found a shadowy altar of Dithmenos.
  1826 | D:4      | Identified the +3 ring mail of Webluow {Str+2}
  1845 | D:4      | Reached skill level 4 in Axes
  2330 | D:4      | Noticed a black bear
  2345 | D:4      | Killed a black bear
  2346 | D:4      | Reached XP level 5. HP: 28/49 MP: 5/5
  2371 | D:4      | Found a staircase to the Ecumenical Temple.
  2379 | Temple   | Entered the Ecumenical Temple
  2460 | Temple   | Became a worshipper of Makhleb the Destroyer
  2636 | D:4      | Reached skill level 1 in Dodging
  2667 | D:4      | Reached XP level 6. HP: 34/56 MP: 5/5
  2836 | D:5      | Entered Level 5 of the Dungeon
  2895 | D:5      | Reached skill level 5 in Axes
  2895 | D:5      | Reached skill level 5 in Armour
  2912 | D:5      | Found a runed translucent gate.
  2912 | D:5      | Found a runed translucent gate.
  2912 | D:5      | Found a runed translucent gate.
  2917 | D:5      | Noticed Descartes's ghost (novice TrCK)
  2917 | D:5      | Noticed Revguard's ghost (novice DsGl)
  3125 | D:5      | Noticed Grinder
  3134 | D:5      | Paralysed by Grinder for 7 turns
  3152 | D:5      | Killed Grinder
  3153 | D:5      | Reached skill level 6 in Axes
  3153 | D:5      | Reached XP level 7. HP: 32/64 MP: 6/6
  3227 | D:5      | Noticed Eustachio
  3252 | D:5      | HP: 2/64 [something (2)]
  3293 | D:5      | Killed Eustachio
  3499 | D:6      | Reached skill level 7 in Axes
  3547 | D:6      | Noticed a steam dragon
  3547 | D:6      | Killed from afar by a steam dragon

Illustrated notes

Levels and vault maps discovered:
D:1:      nzn_arrival_depleted_hourglass, layout_loops_ring, minmay_tall_x
D:2:      layout_basic
D:3:      layout_rooms, mainiacjoe_overflow_24_doors,
          nicolae_ecumenical_oubliette, minmay_misc_feat_x, nrook_campfire
D:4:      layout_gridville, minmay_temple_entry_nine_rooms
D:5:      layout_gridville, gammafunk_ghost_cemetery, uniq_eustachio,
          uniq_grinder
D:6:      layout_loops_ring, uniq_blork_the_orc, uniq_duvessa,
          uniq_crazy_yiuf_cottage
Temple:   compressed_dpeg_circular_temple

Skill      XL: |  1  2  3  4  5  6  7 |
---------------+----------------------+-----
Fighting       | 3 4 |  4.4
Axes           | 3 4 6 7 |  7.0
Armour         | 4 5 |  5.4
Dodging        | 1 |  1.9
Shields        | 4 |  4.7
Stealth        | |  0.4

Action                   |  1- 3 |  4- 6 |  7- 9 || total
-------------------------+-------+-------+-------++-------
Melee: War axe           |   105 |   136 |    71 ||   312
 Abil: Heal Wounds       |       |     3 |     1 ||     4
  Use: Scroll            |     1 |       |       ||     1
       Potion            |       |     2 |     1 ||     3
Armor: Scale mail        |    59 |    12 |       ||    71
       Ring mail         |       |    47 |    48 ||    95
Dodge: Dodged            |    44 |    60 |    68 ||   172
Block: Buckler           |    28 |    37 |    30 ||    95
